 Dungeon Crawl Stone Soup version 0.27.1 (webtiles) character file.

Game seed: 4340819095059123285

1457 MajorAdolf the Skirmisher (level 8, -2/65 (76) HPs)
             Began as a Naga Wanderer on Aug 21, 2021.
             Was an Initiate of Gozag.
             Engulfed by a steam dragon's steam (12 damage)
             ... on level 7 of the Dungeon.
             The game lasted 00:10:01 (10436 turns).

MajorAdolf the Skirmisher (Naga Wanderer)          Turns: 10436, Time: 00:10:01

HP:   -2/65 (76)    AC:  9    Str: 16    XL:     8   Next: 76%
MP:   8/8           EV:  3    Int: 13    God:    Gozag
Gold: 602           SH:  0    Dex: 11    Spells: 7/7 levels left

rFire    . . .     SeeInvis +   i - +2 hand axe (freeze)
rCold    . . .     Faith    .   (no shield)
rNeg     . . .     Spirit   .   n - +0 plate armour
rPois    +         Reflect  .   (no helmet)
rElec    .         Harm     .   (no cloak)
rCorr    .         Rampage  .   (no gloves)
Will     +....                  (no barding)
Stlth    ..........             (no amulet)
HPRegen  0.20/turn              (no ring)
MPRegen  0.11/turn              (no ring)

@: heavily drained, very slow
A: AC +2, large, see invisible, deformed body, poison resistance, slowness 2,
spit poison 1, naga tail 1
a: Spit Poison, Renounce Religion, Potion Petition, Call Merchant, Bribe Branch


You were on level 7 of the Dungeon.
You worshipped Gozag.
Gozag was pleased with you.
You visited 2 branches of the dungeon, and saw 8 of its levels.

You collected 701 gold pieces.
You paid 99 gold pieces to Gozag.

Inventory:

Hand Weapons
 a - a +2 mace
 c - a +3 hand axe
 i - a +2 hand axe of freezing (weapon)
Missiles
 b - 15 bolts
Armour
 e - a +0 robe
 f - a +0 ring mail
 g - a +0 scale mail
 n - a +0 plate armour (worn)
Jewellery
 q - an amulet of faith
 s - a ring of magical power
Scrolls
 d - a scroll of vulnerability {unknown}
 j - a scroll of blinking {unknown}
 k - a scroll of magic mapping {unknown}
 l - a scroll of enchant weapon {unknown}
 o - 3 scrolls of identify {unknown}
 r - 2 scrolls of amnesia {unknown}
 t - a scroll of enchant armour {unknown}
 v - a scroll of acquirement {unknown}
 x - a scroll of immolation {unknown}
Potions
 h - a potion of might {unknown}
 m - a potion of attraction {unknown}
 p - 3 potions of heal wounds {unknown}
 u - a potion of flight {unknown}
 w - 2 potions of degeneration {unknown}


   Skills:
 + Level 6.1 Fighting
 + Level 4.9(5.0) Axes
 - Level 1.0(3.2) Maces & Flails
 - Level 3.6 Crossbows
 + Level 4.2 Armour
 + Level 4.2 Dodging
 - Level 1.5 Shields


You had 7 spell levels left.
You didn't know any spells.
Your spell library contained the following spells:

 Spells                   Type           Power      Damage    Failure   Level
 Animate Skeleton         Necr           0%         N/A       100%        1
 Pain                     Necr           0%         1d4       100%        1
 Conjure Flame            Conj/Fire      0%         6-21      100%        3
 Ignite Poison            Fire/Tmut/Pois 0%         N/A       100%        3
 Vampiric Draining        Necr           0%         2d6       100%        3
 Sticky Flame             Conj/Fire      0%         2d3       100%        4


Dungeon Overview and Level Annotations

Branches:
Dungeon (7/15)             Temple (1/1) D:6

Altars:
Gozag
Hepliaklqana
Nemelex Xobeh
Yredelemnul

Annotations:
D:2 exclusion: downstairs
D:5 Prince Ribbit


Innate Abilities, Weirdness & Mutations

Your serpentine skin is tough. (AC +2)
You have supernaturally acute eyesight. (SInv)
Armour fits poorly on your strangely shaped body.
Your system is resistant to poisons. (rPois)
You cover ground very slowly.
You can spit poison.
You have a snake-like lower body.


Message History

The ball of steam hits you!
You see here a +0 whip.
You are engulfed in a cloud of scalding steam.
There is a stone staircase leading up here.
You climb upwards.
There is a stone staircase leading down, spattered with blood here.
Unknown command.
You start resting.
You start resting.
HP restored.
You climb downwards.
There is a stone staircase leading up here.
Unknown command.
Press: ? - help, Shift-Dir - straight line, f - steam dragon
Aim: a steam dragon The splash of poison hits the steam dragon.
The steam dragon is poisoned.
The steam dragon is lightly wounded.
The steam dragon breathes steam at you. The ball of steam hits you!!
You see here a +0 whip.
You are engulfed in a cloud of scalding steam.
The steam dragon breathes steam at you. The ball of steam hits you.
The steam dragon bites you but does no damage.
The steam dragon claws you but does no damage.
You hit the steam dragon. You freeze the steam dragon.
The steam dragon is moderately wounded.
You are engulfed in a cloud of scalding steam.
You have got your breath back.
The steam dragon breathes steam at you. The ball of steam hits you!
* * * LOW HITPOINT WARNING * * *
You hear a shout! x2
Okay, then.
You closely miss the steam dragon.
The steam dragon is moderately wounded.
You are engulfed in a cloud of scalding steam.
You die...
Your body crumbles into a pile of gold.

#...........#..........#
#...#####'###..........#
#...# #.# ####'########
#...# #.###............
#...# #.....##.########
#...# #####.##.# #...#
#)...##### #...#
##>.......# #...#
#####§)@D.###.## #...#
#....§.#.## #..# #...#
#........# ##!# #####
#......### #.# ##.......
.§. ........... ...D#
..................#
......###########.D
...... #.


You could see a steam dragon (poisoned, catching breath).

Vanquished Creatures
  Sigmund (D:3)
  An orc warrior (D:7)
  2 necrophages
  A centaur (D:6)
  A kobold brigand (D:6)
  A bullfrog (D:7)
  2 scorpions
  A water moccasin zombie (D:6)
  2 howler monkeys (D:6)
  5 wights (D:6)
  An orc priest (D:6)
  3 orc wizards (D:6)
  An iguana (D:6)
  A howler monkey zombie (D:5)
  5 adders
  A river rat (D:5)
  A shadow imp (D:7)
  An ufetubus (D:6)
  A worm (D:3)
  3 dart slugs
  15 orcs
  5 endoplasms
  3 giant cockroaches
  8 goblins
  6 hobgoblins
  6 jackals (D:1)
  3 quokkas
  7 ball pythons
  7 bats
  4 frilled lizards
  10 kobolds
  2 rats
111 creatures vanquished.

Vanquished Creatures (collateral kills)
  A black bear (D:6)
1 creature vanquished.

Vanquished Creatures (others)
  9 fungi (D:3)
  38 plants (D:5)
  5 toadstools (D:3)
52 creatures vanquished.

Grand Total: 164 creatures vanquished

Notes
Turn   | Place    | Note
-------+----------+-------------------------------------------
     0 | D:1      | MajorAdolf the Naga Wanderer began the quest for the Orb.
     0 | D:1      | MajorAdolf set off with the following items: a +2 mace, a
                  | potion of curing, a +0 hand crossbow, 26 bolts, a +0 robe
     0 | D:1      | Reached XP level 1. HP: 21/21 MP: 1/1
   255 | D:1      | Reached XP level 2. HP: 28/28 MP: 2/2
   729 | D:1      | Reached skill level 1 in Dodging
   733 | D:1      | Reached XP level 3. HP: 23/34 MP: 3/3
   872 | D:1      | Found a faded altar of an unknown god.
   892 | D:1      | Reached skill level 1 in Armour
  2058 | D:2      | Reached skill level 1 in Axes
  2281 | D:3      | Noticed Sigmund
  2684 | D:2      | Reached XP level 4. HP: 18/42 MP: 4/4
  3345 | D:3      | Killed Sigmund
  3346 | D:3      | Reached skill level 4 in Fighting
  3346 | D:3      | Reached XP level 5. HP: 22/50 MP: 5/5
  3977 | D:3      | Reached XP level 6. HP: 50/57 MP: 6/6
  4070 | D:3      | Noticed a necrophage
  4338 | D:3      | Killed a necrophage
  4980 | D:4      | Found a hazy altar of Hepliaklqana.
  5165 | D:4      | Found an opulent altar of Gozag.
  5165 | D:4      | Found a sparkling altar of Nemelex Xobeh.
  5171 | D:4      | Became a worshipper of Gozag Ym Sagoz the Greedy
  5674 | D:5      | Entered Level 5 of the Dungeon
  5684 | D:5      | Noticed Prince Ribbit
  6207 | D:5      | Reached XP level 7. HP: 34/66 MP: 7/7
  6476 | D:6      | HP: 3/66 [orc (2)]
  6869 | D:6      | Reached skill level 5 in Fighting
  7722 | D:6      | Reached XP level 8. HP: 40/74 MP: 8/8
  8792 | D:6      | Found a staircase to the Ecumenical Temple.
  9028 | Temple   | Entered the Ecumenical Temple
  9326 | D:6      | HP: 1/58 [wight (2)]
  9872 | D:6      | Reached skill level 6 in Fighting
 10436 | D:7      | Engulfed by a steam dragon's steam

Illustrated notes

Levels and vault maps discovered:
D:1:      evilmike_arrival_come_back, layout_basic,
          hellmonk_ecumenical_altar_dog_temple, minmay_door_square
D:2:      layout_basic
D:3:      layout_loops_ring, minmay_gold_behind_fungi, uniq_sigmund
D:4:      layout_gridville, mainiacjoe_overflow_concentric_impassable,
          grunt_temple_overflow_opulence, serial_glass, glass_columns_a,
          glass_columns_c
D:5:      wad_woods_tower, layout_basic, uniq_blork_the_orc, uniq_pikel,
          uniq_prince_ribbit1
D:6:      layout_loops_cross, minmay_temple_entry_antechambers
D:7:      layout_basic
Temple:   nicolae_temple_elliptical

Skill      XL: |  1  2  3  4  5  6  7  8 |
---------------+-------------------------+-----
Dodging        | 1 2 3 4 |  4.2
Armour         | 1 2 3 4 |  4.2
Axes           | 1 2 3 4 |  4.9
Fighting       | 4 5 6 |  6.1
Maces & Flails | |  1.0
Crossbows      | |  3.6
Shields        | |  1.5

Action                   |  1- 3 |  4- 6 |  7- 9 || total
-------------------------+-------+-------+-------++-------
Melee: Mace              |   120 |   146 |     7 ||   273
       Hand axe          |       |       |   195 ||   195
 Abil: Spit Poison       |     2 |    13 |    14 ||    29
  Use: Potion            |       |     2 |     1 ||     3
       Scroll            |       |       |     4 ||     4
Armor: Ring mail         |    15 |       |       ||    15
       Scale mail        |    57 |    77 |    24 ||   158
       Plate armour      |       |       |   105 ||   105
Dodge: Dodged            |    59 |    65 |    40 ||   164
